 Dungeon Crawl Stone Soup version 0.31-a0-202-g547052bce9 (webtiles) character file.

Game seed: 13086911969195037793

36 qw the Shooter (level 3, -6/20 HPs)
             Began as a Deep Elf Hunter on June 26, 2023.
             Mangled by a gnoll
             ... wielding a +0 flail
              (7 damage)
             ... on level 2 of the Dungeon.
             The game lasted 00:00:19 (972 turns).

qw the Shooter (Deep Elf Hunter)                     Turns: 972, Time: 00:00:19

Health: -6/20      AC:  5    Str: 10    XL:     3   Next: 19%
Magic:  5/5        EV: 11    Int: 13    God:
Gold:   56         SH:  0    Dex: 18    Spells: 2/2 levels left

rFire   . . .        Y - +0 shortbow
rCold   + . .        (shield currently unavailable)
rNeg    . . .        h - +0 ring mail
rPois   .            (no helmet)
rElec   .            (no cloak)
rCorr   .            (no gloves)
SInv    +            (no boots)
Will    .....        (no amulet)
Stlth   +            e - ring of protection from cold
HPRegen 0.23/turn    i - ring of see invisible
MPRegen 0.09/turn

%: no passive effects
@: no status effects
A: no striking features
a: no special abilities


You were on level 2 of the Dungeon.
You visited 1 branch of the dungeon, and saw 2 of its levels.

You collected 56 gold pieces.


   Skills:
 - Level 1.5 Fighting
 + Level 6.8 Ranged Weapons
 - Level 2.4 Dodging
 - Level 1.2 Stealth


You had 2 spell levels left.
You didn't know any spells.
Your spell library was empty.

Inventory:

Hand Weapons
 Y - a +0 shortbow (weapon)
Armour
 h - a +0 ring mail (worn)
Jewellery
 e - a ring of protection from cold (left hand)
 i - a ring of see invisible (right hand)
Scrolls
 a - 2 scrolls of identify
Potions
 b - a potion of might {unknown}
 f - a potion of degeneration {unknown}
 g - a potion of heal wounds {unknown}

Dungeon Overview and Level Annotations

Branches:
Dungeon (2/15)

Altars:


Message History

Found a ring mail.
b - an inky potion
Found a club.
You now have 56 gold pieces (gained 12).
Found a stone staircase leading up.
Enter note:
Enter note:
Enter note: A hobgoblin comes into view.
Found a leather armour.
Enter note:
Enter note:
Enter note: You shoot an arrow.
The arrow hits the hobgoblin.
The hobgoblin shouts!
The hobgoblin is moderately wounded.
You shoot an arrow. The arrow hits the hobgoblin!
You kill the hobgoblin!
You see here a +0 leather armour. 4 gnolls come into view.
Enter note:
Enter note:
Enter note: You shoot an arrow.
The gnoll shouts!
The arrow hits the gnoll.
The gnoll is moderately wounded.
The gnoll hits you with a +0 halberd.
You shoot an arrow. The arrow hits the gnoll.
The gnoll is heavily wounded.
The gnoll hits you but does no damage.
You shoot an arrow.
The arrow hits the gnoll but does no damage.
The gnoll is heavily wounded.
You shoot an arrow. The arrow closely misses the gnoll.
The gnoll hits you with a +0 halberd! The gnoll hits you with a +0 flail.
You shoot an arrow. The arrow hits the gnoll.
The gnoll is severely wounded.
The gnoll closely misses you. The gnoll hits you with a +0 flail!
You die...

......
.....
.... ...
.. # g#
#.#####.#
#.....@g#
####[##g#
#.# .#
#.##.#
#..#.#
##.#..
#.### #.#
#. #.#
#.#


You could see 3 gnolls.

Vanquished Creatures
  2 ball pythons
  An endoplasm (D:1)
  A giant cockroach (D:1)
  2 goblins (D:1)
  5 hobgoblins
  11 jackals
  2 quokkas
  A bat (D:2)
  3 kobolds
  2 rats
30 creatures vanquished.

Notes
Turn   | Place    | Note
-------+----------+-------------------------------------------
     0 | D:1      | qw the Deep Elf Hunter began the quest for the Orb.
     0 | D:1      | Reached XP level 1. HP: 12/12 MP: 3/3
     0 | D:1      | 0 ||| qw: Version: 0.3-a-22-g0ed2b0b
     0 | D:1      | 0 ||| qw: Game counter: 6102
     0 | D:1      | 0 ||| qw: Melee chars always use a shield: true
     0 | D:1      | 0 ||| qw: God list: Okawaru
     0 | D:1      | 0 ||| qw: Allow faded altars: false
     0 | D:1      | 0 ||| qw: Do Orc after clearing Dungeon:15 true
     0 | D:1      | 0 ||| qw: Do second Lair branch before Depths: true
     0 | D:1      | 0 ||| qw: Lair rune preference: random
     0 | D:1      | 0 ||| qw: Goals: Normal
     0 | D:1      | 0 ||| PLANNING D:1-11
   339 | D:1      | Reached skill level 6 in Ranged Weapons
   339 | D:1      | Reached XP level 2. HP: 16/16 MP: 4/4
   797 | D:1      | 797 ||| UPGRADING to +0 ring mail.
   807 | D:1      | 807 ||| DROPPING +0 leather armour.
   808 | D:1      | 808 ||| UPGRADING to ring of protection from cold.
   809 | D:1      | 809 ||| UPGRADING to ring of see invisible.
   810 | D:1      | 810 ||| READING 2 scrolls labelled OLOLIFFEUVE.
   811 | D:1      | 811 ||| DROPPING scroll of butterflies.
   877 | D:2      | 877 ||| Stepping ~*~*~tactically~*~*~ (outnumbered).
   880 | D:2      | Reached XP level 3. HP: 20/20 MP: 5/5
   971 | D:2      | HP: 1/20 [gnoll/+0 flail (6)]
   972 | D:2      | Mangled by a gnoll

Levels and vault maps discovered:
D:1:      minmay_arrival_split_and_join, layout_basic
D:2:      layout_loops_ring, minmay_hexomino_f4, uniq_terence

Skill      XL: |  1 |
---------------+----+-----
Ranged Weapons | 6 |  6.8
Fighting       | |  1.5
Dodging        | |  2.4
Stealth        | |  1.2

Action                     || total
---------------------------++-------
   Fire: Shortbow          ||    67
    Use: Scroll            ||     1
 Armour: Leather armour    ||     8
         Ring mail         ||    11
  Dodge: Dodged            ||    32

Table legend:
 A = Non-vault XP
 B = Vault XP
 C = Vault XP percentage of total XP
 D = Non-vault monster count
 E = Vault monster count
 F = Vault count percentage of total count
                 A         B        C        D         E       F
            +---------+---------+-------+---------+---------+-------
      Total |      52 |       0 |   0.0 |      30 |       0 |   0.0
            +---------+---------+-------+---------+---------+-------
        D:1 |      36 |       0 |   0.0 |      20 |       0 |   0.0
        D:2 |      16 |       0 |   0.0 |      10 |       0 |   0.0
            +---------+---------+-------+---------+---------+-------
